 Dungeon Crawl Stone Soup version 0.25-a0-166-g16436c4407 (webtiles) character file.

Game seed: 10307506214150034708, levelgen mode: deterministic

77 1player the Conjurer (level 4, -1/34 HPs)
             Began as a Draconian Conjurer on Nov 24, 2019.
             Slain by a killer bee (6 damage)
             ... on level 2 of the Dungeon.
             The game lasted 00:08:57 (2446 turns).

1player the Conjurer (Draconian Conjurer)           Turns: 2446, Time: 00:08:58

Health: -1/34      AC:  5    Str: 11    XL:     4   Next: 13%
Magic:  6/8        EV: 12    Int: 16    God:
Gold:   80         SH:  0    Dex: 11    Spells: 3/9 levels left

rFire    . . .     SeeInvis .   l - +0 dagger
rCold    . . .     Gourm    .   (no shield)
rNeg     . . .     Faith    .   (armour unavailable)
rPois    .         Spirit   .   (helmet restricted)
rElec    .         Reflect  .   (no cloak)
rCorr    .         Harm     .   (no gloves)
MR       .....                  (no boots)
Stlth    ++........             (no amulet)
HPRegen  0.11/turn              (no ring)
MPRegen  0.11/turn              (no ring)

@: very slightly contaminated
A: unfitting armour, cold-blooded, AC +5
a: no special abilities


You were on level 2 of the Dungeon.
You were not hungry.

You visited 1 branch of the dungeon, and saw 2 of its levels.

You collected 80 gold pieces.

Inventory:

Hand Weapons
 l - a +0 dagger (weapon)
Jewellery
 i - a +4 ring of dexterity {unknown}
 k - a cursed -3 ring of evasion {unknown}
Wands
 p - a wand of acid (11)
Scrolls
 g - a scroll of identify {unknown}
 o - a scroll of remove curse {unknown}
Potions
 h - a potion of magic
 j - a potion of might {unknown}
 n - a potion of flight {unknown}
Comestibles
 e - 3 rations {!d}


   Skills:
 + Level 0.5 Fighting
 - Level 1.7 Dodging
 - Level 1.7 Stealth
 - Level 3.0 Spellcasting
 + Level 4.9 Conjurations
 + Level 0.3 Hexes


You had 3 spell levels left.
You knew the following spells:

 Your Spells              Type           Power        Failure   Level  Hunger
a - Dazzling Spray        Conj/Hex       ##....       19%         3    ###....
q - Magic Dart            Conj           ###.         2%          1    #......
z - Searing Ray           Conj           ###...       3%          2    ##.....

Your spell library contained the following spells:

 Spells                   Type           Power        Failure   Level  Hunger
 Iskenderun's Mystic Bla  Conj           ###.....     24%         4    #####..
 Fulminant Prism          Conj/Hex       ##........   54%         4    #####..
 Force Lance              Conj/Tloc      ##......     56%         4    #####..


Dungeon Overview and Level Annotations

Branches:
Dungeon (2/15)

Altars:
Ashenzari


Innate Abilities, Weirdness & Mutations

Your plain brown scales are hard. (AC +5)
You cannot fit into any form of body armour.
You are cold-blooded and may be slowed by cold attacks.


Message History

The killer bee stings you!
* * * LOW HITPOINT WARNING * * *
The killer bee stings you.
* * * LOW HITPOINT WARNING * * *
The killer bee stings you but does no damage.
The killer bee closely misses you. The killer bee completely misses you.
It was a potion of magic.
Magic courses through your body. The killer bee closely misses you.
The killer bee stings you but does no damage.
Casting: Searing Ray (safe; 3% risk of failure)
Confirm with . or Enter, or press ? or * to list all spells.
Aiming: Searing Ray (safe; 3% risk of failure)
Press: ? - help, Shift-Dir - straight line The searing ray misses the killer bee. (Press . to maintain the ray.)
The killer bee stings you.
* * * LOW HITPOINT WARNING * * *
The killer bee stings you.
You die...

########## #######
####........#
).....###.##.######.#
##<.............###.#
...##.#.............#
#####.##...####.######
#####.###.## #.@y...#
......# #.# ######.#
.###### #.# .# .# #+#
.# .# .# .## .# ..# ..
..### .# ....+


You could see a killer bee.

Vanquished Creatures
  3 adders (D:2)
  2 dart slugs (D:2)
  A leopard gecko (D:1)
  An orc (D:2)
  2 giant cockroaches
  5 goblins
  6 hobgoblins
  5 jackals (D:2)
  3 kobolds
  A quokka (D:2)
  A ball python (D:1)
  3 bats
  6 frilled lizards
  6 rats
45 creatures vanquished.

Notes
Turn   | Place    | Note
-------+----------+-------------------------------------------
     0 | D:1      | 1player the Draconian Conjurer began the quest for the Orb.
     0 | D:1      | Reached XP level 1. HP: 14/14 MP: 3/3
   281 | D:1      | Reached XP level 2. HP: 20/20 MP: 1/5
   342 | D:1      | Learned a level 2 spell: Searing Ray
  1050 | D:2      | Reached XP level 3. HP: 26/26 MP: 2/7
  1385 | D:2      | Found a shattered altar of Ashenzari.
  1723 | D:2      | Learned a level 3 spell: Dazzling Spray
  2206 | D:2      | Reached XP level 4. HP: 34/34 MP: 3/8
  2446 | D:2      | Slain by a killer bee

Levels and vault maps discovered:
D:1:      grunt_arrival_crossed_arrows, layout_basic
D:2:      layout_loops_corners, lemuel_crystal_altar

Skill      XL: |  1  2  3 |
---------------+----------+-----
Spellcasting   | 3 |  3.0
Fighting       | |  0.5
Dodging        | |  1.7
Stealth        | |  1.7
Conjurations   | |  4.9
Hexes          | |  0.3

Action                   |  1- 3 |  4- 6 || total
-------------------------+-------+-------++-------
Melee: Unarmed           |     1 |       ||     1
       Dagger            |    10 |     1 ||    11
 Cast: Magic Dart        |    57 |     3 ||    60
       Searing Ray       |     8 |     1 ||     9
  Use: Potion            |       |     1 ||     1
 Stab: Sleeping          |     5 |     1 ||     6
  Eat: Chunk             |     5 |     1 ||     6
Armor: Skin              |     8 |     3 ||    11
Dodge: Dodged            |    22 |     5 ||    27

Table legend:
 A = Non-vault XP
 B = Vault XP
 C = Vault XP percentage of total XP
 D = Non-vault monster count
 E = Vault monster count
 F = Vault count percentage of total count
                 A         B        C        D         E       F
            +---------+---------+-------+---------+---------+-------
      Total |     110 |       0 |   0.0 |      45 |       0 |   0.0
            +---------+---------+-------+---------+---------+-------
        D:1 |      33 |       0 |   0.0 |      22 |       0 |   0.0
        D:2 |      77 |       0 |   0.0 |      23 |       0 |   0.0
            +---------+---------+-------+---------+---------+-------
